 Dungeon Crawl Stone Soup version 0.22.0-5-gf09313c8f9 (webtiles) character file.

128 SilenceIsGolden the Skirmisher (level 4, 0/41 HPs)
             Began as a Minotaur Fighter on Aug 14, 2018.
             Was an Initiate of Trog.
             Slain by Terence
             ... wielding a +0 short sword of speed
              (1 damage)
             ... on level 2 of the Dungeon.
             The game lasted 00:07:29 (2045 turns).

SilenceIsGolden the Skirmisher (Minotaur Fighter)   Turns: 2045, Time: 00:07:31

Health: 0/41       AC:  7    Str: 21    XL:     4   Next: 86%
Magic:  4/4        EV:  7    Int:  5    God:    Trog [......]
Gold:   52         SH:  9    Dex: 10    Spells: 5/5 levels left

rFire    . . .     SeeInvis .   a - +0 long sword
rCold    . . .     Gourm    .   c - +0 shield
rNeg     . . .     Faith    .   b - +0 scale mail
rPois    .         Spirit   .   (helmet restricted)
rElec    .         Reflect  .   (no cloak)
rCorr    .         Harm     .   (no gloves)
MR       .....                  (no boots)
Stlth    ..........             (no amulet)
HPRegen  0.13/turn              (no ring)
MPRegen  0.09/turn              (no ring)

@: lethally poisoned (0 -> -11)
A: retaliatory headbutt, horns 2
a: Renounce Religion


You were on level 2 of the Dungeon.
You worshipped Trog.
Trog was noncommittal.
You were near starving.

You visited 1 branch of the dungeon, and saw 2 of its levels.

You collected 52 gold pieces.

Inventory:

Hand Weapons
 a - a +0 long sword (weapon)
Armour
 b - a +0 scale mail (worn)
 c - a +0 shield (worn)
Scrolls
 e - 2 scrolls of teleportation {unknown}
 g - a scroll of amnesia {unknown}
 h - 3 scrolls of identify {unknown}
 i - a scroll of enchant armour {unknown}
 j - 2 scrolls of remove curse {unknown}
Potions
 d - 2 potions of might
 k - a potion of mutation {unknown}
Comestibles
 f - 3 rations


   Skills:
 + Level 4.4 Fighting
 * Level 4.2 Long Blades
 + Level 4.4 Armour
 - Level 3.7 Shields
 - Level 1.0 Spellcasting


You had 5 spell levels left.
You didn't know any spells.
Your spell library was empty.

Dungeon Overview and Level Annotations

Branches:
Dungeon (2/15)

Altars:
Trog

Annotations:
D:2 Terence


Innate Abilities, Weirdness & Mutations

You reflexively headbutt those who attack you in melee.
You have a pair of horns on your head.


Message History

You feel sick.
* * * LOW HITPOINT WARNING * * *
You feel sick.
* * * LOW HITPOINT WARNING * * *
You feel sick.
* * * LOW HITPOINT WARNING * * *
You feel sick. The gnoll barely misses you.
The gnoll hits you from afar with a halberd of venom.
* * * LOW HITPOINT WARNING * * *
You are more poisoned.
* * * LOW HITPOINT WARNING * * *
You feel sick. You block the gnoll's attack. x2
Terence hits you but does no damage.
You slash Terence!
Terence is heavily wounded.
* * * LOW HITPOINT WARNING * * *
You feel sick. You block the gnoll's attack. x2
Terence asks, "Do you want it fast or slow?"
Terence hits you with a short sword of speed.
You die...

#.# ########### ######...
########.################....#...
........(.............).'...)'...
########.#############.##....#)..
)........######## #.##....#...
................# #)##....#...
................######.##....#...
############...........##....#...
.......'....@g.....##....#...
....########....@g...(.#######...
................g......# #.......
.....######.#'#...####.# #.......
.....# #.#.#.#.#....# #.......
###### #.#.#.#......# #######.
.....# #.#.#.##.....# #.
####'######.#.#. #†###.# #.
..........#.#.# #........ #.


You could see Terence and 3 gnolls.

Vanquished Creatures
  3 gnolls (D:2)
  3 adders (D:2)
  A shadow imp (D:2)
  4 worms (D:2)
  A dart slug (D:1)
  2 ball pythons (D:2)
  9 goblins
  9 hobgoblins
  2 bats (D:1)
  A frilled lizard (D:2)
  9 kobolds
  11 rats
55 creatures vanquished.

Notes
Turn   | Place    | Note
-------+----------+-------------------------------------------
     0 | D:1      | SilenceIsGolden the Minotaur Fighter began the quest for the Orb.
     0 | D:1      | Reached XP level 1. HP: 19/19 MP: 0/0
   205 | D:1      | Reached XP level 2. HP: 26/27 MP: 1/1
  1061 | D:2      | Reached XP level 3. HP: 19/33 MP: 2/2
  1229 | D:2      | Reached XP level 4. HP: 35/40 MP: 2/4
  1604 | D:2      | Reached skill level 1 in Spellcasting
  1614 | D:2      | Noticed a moth of wrath
  1617 | D:2      | Found a bloodstained altar of Trog.
  1669 | D:2      | Became a worshipper of Trog the Wrathful
  2024 | D:2      | Noticed Terence
  2044 | D:2      | HP: 2/41 [poisoned by a gnoll]
  2045 | D:2      | Slain by Terence

Skill      XL: |  1  2  3  4 |
---------------+-------------+-----
Fighting       | 4 |  4.4
Long Blades    | 3 4 |  4.2
Armour         | 4 |  4.4
Spellcasting   | 1 |  1.0
Shields        | |  3.7

Action                   |  1- 3 |  4- 6 || total
-------------------------+-------+-------++-------
Melee: Long sword        |    77 |    64 ||   141
       Headbutt          |    10 |    14 ||    24
  Eat: Chunk             |       |     2 ||     2
Armor: Scale mail        |    28 |    25 ||    53
Dodge: Dodged            |    17 |    23 ||    40
Block: Shield            |    37 |    34 ||    71
       Rpst.: Long sword |     3 |     6 ||     9
